 Dungeon Crawl Stone Soup version 0.30.0-10-gfe55d96785 (webtiles) character file.

Game seed: 13580636684888926574

47450 qw the Severer (level 14, -7/92 HPs)
             Began as a Gargoyle Cinder Acolyte on May 16, 2023.
             Was a Priest of Okawaru.
             Mangled by Rupert
             ... wielding a +2 great mace of holy wrath
              (32 damage)
             ... on level 12 of the Dungeon.
             The game lasted 00:11:42 (19533 turns).

qw the Severer (Gargoyle Cinder Acolyte)           Turns: 19533, Time: 00:11:43

Health: -7/92      AC: 34    Str: 27    XL:     14   Next: 42%
Magic:  15/17      EV: 13    Int: 14    God:    Okawaru [***...]
Gold:   1011       SH: 12    Dex:  4    Spells: 15/15 levels left

rFire   . . .        t - +0 broad axe
rCold   + . .        p - +0 kite shield
rNeg    + . .        o - +0 plate armour
rPois   inf          j - +0 helmet
rElec   +            (no cloak)
rCorr   .            h - +1 pair of gloves
SInv    +            b - +1 pair of boots {rampage}
Will    +....        m - amulet of the acrobat Stlth
                     f - +5 ring of evasion
HPRegen 0.35/turn    q - ring of see invisible
MPRegen 0.15/turn

%: acrobat, rampage
@: about to teleport, heroic, flying
A: sickness immunity, AC +10, big wings, negative energy resistance 1,
electricity resistance, torment resistance 1, petrification resistance, cold
resistance 1, strong 1
a: Renounce Religion, Heroism


You were on level 12 of the Dungeon.
You worshipped Okawaru.
Okawaru was most pleased with you.
You visited 2 branches of the dungeon, and saw 17 of its levels.
You also visited: Ossuary.

You collected 1096 gold pieces.
You spent 85 gold pieces at shops.


Innate Abilities, Weirdness & Mutations

You are immune to sickness and miasma.
Your stone body is resilient. (AC +10)
You are immune to poison.
Your large and strong wings let you fly.
You resist negative energy. (rN+)
You are resistant to electric shocks. (rElec)
You are resistant to unholy torment.
You are immune to petrification.
Your flesh is cold resistant. (rC+)
Your muscles are strong. (Str +4, Int/Dex -1)


   Skills:
 - Level 12.0(17.0) Fighting
 + Level 15.1(20.1) Axes
 - Level 2.7(7.7) Throwing
 - Level 11.0(16.0) Armour
 - Level 1.0(6.0) Dodging
 - Level 12.0(17.0) Shields
 - Level 1.0 Spellcasting
 - Level 3.0 Fire Magic
 - Level 4.0 Invocations


You had 15 spell levels left.
You didn't know any spells.
Your spell library contained the following spells:

 Spells                   Type           Power      Damage    Failure   Level
 Scorch                   Fire           18%        2d5       67%         2

Inventory:

Hand Weapons
 n - a +1 hand axe of flaming
 t - a +0 broad axe (weapon)
Missiles
 g - a boomerang (quivered)
Armour
 b - a +1 pair of boots of rampaging (worn)
 h - a +1 pair of gloves (worn)
 j - a +0 helmet (worn)
 o - a +0 plate armour (worn)
 p - a +0 kite shield (worn)
Jewellery
 c - a ring of fire
 f - a +5 ring of evasion (left hand)
 m - an amulet of the acrobat (around neck)
 q - a ring of see invisible (right hand)
Scrolls
 a - 8 scrolls of identify
 u - a scroll of noise {unknown}
Potions
 d - 12 potions of curing
 e - 3 potions of might
 i - 3 potions of heal wounds
 k - 2 potions of cancellation
 l - 6 potions of mutation
 r - a potion of magic
 s - a potion of haste

Dungeon Overview and Level Annotations

Branches:
Dungeon (12/15)            Temple (0/1) D:7            Lair (5/5) D:9
 Shoals (0/4) Lair:2       Spider (0/4) Lair:2        Slime (0/5) Lair:4
    Orc (0/2) D:12        Ossuary (visited)

Altars:
Ashenzari
Gozag
Kikubaaqudgha
Okawaru
Ru
Xom
The Shining One
Jiyva

Shops:
D:2 *   D:7 :[

Annotations:
D:5 3 runed translucent doors, qw's ghost, novice GrCA
D:6 1 runed translucent door, qw's ghost, novice GrFi
D:10 3 runed translucent doors, qw's ghost, journeyman GrCA
D:12 Rupert


Message History

Rupert is moderately wounded.
You block Rupert's attack. Rupert hits you but does no damage.
You slice Rupert!!
Rupert is heavily wounded.
Rupert barely misses you.
You barely miss Rupert.
Rupert is heavily wounded.
Rupert hits you but does no damage.
You closely miss Rupert.
Rupert is heavily wounded.
You block Rupert's attack.
You hit Rupert.
Rupert is heavily wounded.
Rupert hits you with a +2 great mace of holy wrath!!
You hit Rupert but do no damage.
Rupert is heavily wounded.
You block Rupert's attack.
You hit Rupert.
Rupert is heavily wounded.
Rupert hits you with a +2 great mace of holy wrath.
You slice Rupert!!
Rupert is severely wounded.
Rupert closely misses you.
You slice Rupert!!
Rupert is almost dead.
You feel like a meek peon again.
Rupert hits you with a +2 great mace of holy wrath!!
You block Rupert's attack.
19531 ||| INVOKING Heroism.
You gain the combat prowess of a mighty hero.
Rupert hits you with a +2 great mace of holy wrath!!
19532 ||| READING scroll of teleportation.
As you read the scroll of teleportation, it crumbles to dust.
You feel strangely unstable. Rupert closely misses you.
Rupert hits you with a +2 great mace of holy wrath!!
19533 ||| DRINKING 4 potions of heal wounds.
You feel much better.
Rupert hits you with a +2 great mace of holy wrath!!
You die...

#......... ...####### ..#
...# ## ..# ...# .. ..##
...#### #: ... # ......# #(
..##.# ......# #. ..(.(
......# #)###..# ......#
#)@@).# ......# #.#..##
......#### #.##.##
.........######.##..##
................###..##
##..............# ##..##
##.........\....####...###..
.................##........#
....##............#.########


You could see Rupert (berserk).

Vanquished Creatures
  A hydra (Lair:4)
  3 boulder beetles
  A merfolk avatar (Lair:5)
  3 two-headed ogres
  6 death yaks
  Urug (D:12)
  2 skysharks
  A sea snake (Lair:5)
  A lindwurm (Lair:4)
  3 cyclopes
  An ugly thing (D:8)
  3 manticores (D:12)
  12 elephants
  12 cane toads
  4 kobold demonologists (D:12)
  7 rime drakes
  10 komodo dragons
  4 trolls
  4 polar bears
  2 wind drakes (Lair:5)
  16 blink frogs
  2 snapping turtles (Lair:5)
  6 dream sheep (Lair:4)
  3 slime creatures (D:12)
  3 shadows
  27 yaks
  2 wraiths
  10 fire elementals
  4 wyverns
  2 vampire mosquitoes (D:12)
  4 steam dragons
  An acid dragon (D:12)
  2 wargs (D:12)
  7 water moccasins
  4 orc warriors
  An ice beast (D:7)
  A sky beast (D:8)
  2 ogres (D:5)
  3 black bears
  10 wolves
  A centaur (D:11)
  3 phantoms
  11 kobold brigands
  7 bullfrogs
  4 gnoll sergeants
  8 scorpions
  5 wights (D:8)
  18 killer bees
  3 howler monkeys
  7 electric eels
  A centaur zombie (Ossuary)
  3 human zombies (Ossuary)
  A jelly (D:6)
  6 hounds
  3 gnoll boudas
  5 orc priests
  4 iguanas
  Natasha (twice) (D:2)
  8 orc wizards
  3 sleepcaps
  2 mummies (Ossuary)
  34 gnolls
  9 adders
  2 shadow imps (D:5)
  A white imp (D:5)
  An ufetubus (D:6)
  An adder zombie (Ossuary)
  2 worms (D:2)
  4 dart slugs
  54 orcs
  9 ball pythons
  13 bats
  16 endoplasms
  4 giant cockroaches
  10 goblins
  10 hobgoblins
  7 jackals
  29 kobolds
  3 quokkas
  4 frilled lizards
  A goblin zombie (Ossuary)
  8 hobgoblin zombies (Ossuary)
  3 jackal zombies (Ossuary)
  11 kobold zombies (Ossuary)
  7 orc zombies (Ossuary)
  10 rats
  2 rat zombies (Ossuary)
551 creatures vanquished.

Vanquished Creatures (others)
  A death yak (Lair:5)
  A human (D:3)
  A kobold (D:9)
3 creatures vanquished.

Grand Total: 554 creatures vanquished

Notes
Turn   | Place    | Note
-------+----------+-------------------------------------------
     0 | D:1      | qw the Gargoyle Cinder Acolyte began the quest for the Orb.
     0 | D:1      | Reached XP level 1. HP: 14/14 MP: 2/2
     0 | D:1      | 0 ||| qw: Version: 0.2-a-94-gbb182e1
     0 | D:1      | 0 ||| qw: Game counter: 49
     0 | D:1      | 0 ||| qw: Always use a shield: true
     0 | D:1      | 0 ||| qw: God list: Okawaru
     0 | D:1      | 0 ||| qw: Allow faded altars: false
     0 | D:1      | 0 ||| qw: Do Orc after D:15 true
     0 | D:1      | 0 ||| qw: Do second Lair branch before Depths: true
     0 | D:1      | 0 ||| qw: Lair rune preference: random
     0 | D:1      | 0 ||| qw: Plans: Normal
     0 | D:1      | 0 ||| PLANNING D:1-11
    90 | D:1      | Reached skill level 3 in Axes
   114 | D:1      | Reached XP level 2. HP: 17/19 MP: 3/3
   465 | D:1      | 465 ||| Stepping ~*~*~tactically~*~*~ (stealth).
   494 | D:1      | Reached XP level 3. HP: 18/23 MP: 4/4
   618 | D:1      | 618 ||| Stepping ~*~*~tactically~*~*~ (stealth).
   904 | D:1      | 904 ||| READING 3 scrolls labelled CYKKOLEUFA.
   905 | D:1      | 905 ||| READING scroll labelled NAECISSAPP.
  1006 | D:1      | 1006 ||| READING scroll labelled ZAEPAS QYVOTOES.
  1007 | D:1      | 1007 ||| READING scroll labelled SACWONUUCEL.
  1008 | D:1      | 1008 ||| DRINKING 2 smoky white potions.
  1009 | D:1      | 1009 ||| DRINKING 2 viscous red potions.
  1010 | D:1      | 1010 ||| DRINKING 2 brown potions.
  1010 | D:1      | Gained mutation: Your large and strong wings let you fly.
                  | [potion of mutation]
  1010 | D:1      | Gained mutation: Your muscles are strong. (Str +4, Int/Dex
                  | -1) [potion of mutation]
  1010 | D:1      | Gained mutation: Your flesh is cold resistant. (rC+)
                  | [potion of mutation]
  1011 | D:1      | 1011 ||| READING 2 scrolls of identify.
  1011 | D:1      | 1011 ||| IDENTIFYING lumpy golden potion
  1012 | D:1      | 1012 ||| DROPPING potion of invisibility.
  1013 | D:1      | 1013 ||| DROPPING potion of attraction.
  1044 | D:2      | 1044 ||| Stepping ~*~*~tactically~*~*~ (hiding).
  1045 | D:2      | 1045 ||| Stepping ~*~*~tactically~*~*~ (hiding).
  1087 | D:2      | Reached skill level 4 in Axes
  1218 | D:2      | 1218 ||| Stepping ~*~*~tactically~*~*~ (stealth).
  1392 | D:2      | Reached XP level 4. HP: 18/28 MP: 5/5
  1830 | D:2      | Noticed Natasha
  1840 | D:2      | Killed Natasha
  1882 | D:2      | Noticed Natasha
  1883 | D:2      | 1883 ||| Stepping ~*~*~tactically~*~*~ (stealth).
  1885 | D:2      | 1885 ||| Stepping ~*~*~tactically~*~*~ (hiding).
  1891 | D:2      | Killed Natasha
  1892 | D:2      | Reached skill level 5 in Axes
  1892 | D:2      | Reached XP level 5. HP: 32/32 MP: 6/6
  1994 | D:2      | 1994 ||| Stepping ~*~*~tactically~*~*~ (stealth).
  1995 | D:2      | Found Ipheg's Assorted Antiques.
  2028 | D:2      | 2028 ||| BUYING pair of gloves (85 gold).
  2028 | D:2      | Bought a pair of gloves for 85 gold pieces
  2028 | D:2      | 2028 ||| SHOPLISTING potion of curing (57 gold, have 12).
  2028 | D:2      | 2028 ||| SHOPLISTING scale mail (76 gold, have 12).
  2028 | D:2      | 2028 ||| SHOPLISTING scroll labelled UVUEGYL GIYCZU (19
                  | gold, have 12).
  2028 | D:2      | 2028 ||| SHOPLISTING scroll of identify (38 gold, have 12).
  2028 | D:2      | 2028 ||| SHOPLISTING steaming hand axe (152 gold, have 12).
  2070 | D:2      | 2070 ||| UPGRADING to +0 leather armour.
  2080 | D:2      | 2080 ||| DROPPING +0 robe.
  2081 | D:2      | 2081 ||| UPGRADING to +0 pair of gloves.
  2107 | D:3      | 2107 ||| Stepping ~*~*~tactically~*~*~ (stealth).
  2236 | D:3      | Reached skill level 1 in Armour
  2251 | D:3      | Found an ancient bone altar of Kikubaaqudgha.
  2271 | D:3      | 2271 ||| Stepping ~*~*~tactically~*~*~ (stealth).
  2273 | D:3      | 2273 ||| Stepping ~*~*~tactically~*~*~ (stealth).
  2278 | D:3      | 2278 ||| Stepping ~*~*~tactically~*~*~ (stealth).
  2284 | D:3      | 2284 ||| Stepping ~*~*~tactically~*~*~ (stealth).
  2595 | D:3      | Noticed a human
  2597 | D:3      | Killed a human
  2735 | D:3      | 2735 ||| UPGRADING to +0 buckler.
  2740 | D:3      | 2740 ||| UPGRADING to +0 plate armour.
  2750 | D:3      | 2750 ||| DROPPING +0 leather armour.
  2751 | D:3      | 2751 ||| DROPPING amulet of magic regeneration.
  2752 | D:3      | 2752 ||| READING scroll labelled GAIXIY GEJYEVI.
  2753 | D:3      | 2753 ||| READING scroll labelled WEANOY CIGUXYN.
  2754 | D:3      | 2754 ||| READING scroll labelled UVUEGYL GIYCZU.
  2755 | D:3      | 2755 ||| DRINKING 2 cyan potions.
  2756 | D:3      | 2756 ||| READING 3 scrolls of identify.
  2756 | D:3      | 2756 ||| IDENTIFYING fizzy grey potion
  2757 | D:3      | 2757 ||| READING 2 scrolls of identify.
  2757 | D:3      | 2757 ||| IDENTIFYING glowing silvery potion
  2758 | D:3      | 2758 ||| DROPPING potion of berserk rage.
  2759 | D:3      | 2759 ||| DROPPING potion of lignification.
  2760 | D:3      | 2760 ||| DROPPING potion of brilliance.
  2795 | D:4      | 2795 ||| PLANNING OSSUARY
  2802 | D:4      | Reached skill level 1 in Shields
  2854 | D:4      | Found a glowing drain.
  2884 | D:4      | Reached XP level 6. HP: 38/38 MP: 7/7
  2927 | D:4      | Reached skill level 3 in Armour
  2989 | D:4      | 2989 ||| Stepping ~*~*~tactically~*~*~ (stealth).
  3124 | D:4      | 3124 ||| Stepping ~*~*~tactically~*~*~ (hiding).
  3208 | D:4      | Found a sand-covered staircase.
  3209 | D:4      | 3209 ||| DROPPING orb of energy.
  3219 | Ossuary  | Entered an ossuary
  3412 | Ossuary  | Reached XP level 7. HP: 30/43 MP: 8/8
  3605 | Ossuary  | Reached skill level 6 in Axes
  3675 | Ossuary  | 3675 ||| RIP SEWER
  3687 | D:4      | 3687 ||| RIP SEWER
  3688 | D:4      | 3688 ||| PLANNING D:1-11
  3738 | D:4      | 3738 ||| Stepping ~*~*~tactically~*~*~ (hiding).
  3739 | D:4      | 3739 ||| Stepping ~*~*~tactically~*~*~ (hiding).
  3746 | D:4      | 3746 ||| INVOKING Fiery Armour.
  3752 | D:4      | Reached skill level 3 in Shields
  3821 | D:4      | 3821 ||| Stepping ~*~*~tactically~*~*~ (stealth).
  3833 | D:4      | 3833 ||| Stepping ~*~*~tactically~*~*~ (hiding).
  3885 | D:4      | Found a shimmering altar of Xom.
  4098 | D:5      | Entered Level 5 of the Dungeon
  4132 | D:5      | 4132 ||| Stepping ~*~*~tactically~*~*~ (hiding).
  4133 | D:5      | 4133 ||| Stepping ~*~*~tactically~*~*~ (hiding).
  4134 | D:5      | 4134 ||| Stepping ~*~*~tactically~*~*~ (hiding).
  4192 | D:5      | 4192 ||| Stepping ~*~*~tactically~*~*~ (hiding).
  4194 | D:5      | 4194 ||| Stepping ~*~*~tactically~*~*~ (hiding).
  4225 | D:5      | HP: 9/43 [ogre/+0 giant club (20)]
  4226 | D:5      | 4226 ||| DRINKING 2 potions of heal wounds.
  4229 | D:5      | Reached skill level 7 in Axes
  4229 | D:5      | Reached XP level 8. HP: 33/48 MP: 9/9
  4329 | D:5      | 4329 ||| INVOKING Fiery Armour.
  4481 | D:5      | Found a runed translucent gate.
  4482 | D:5      | Found a runed translucent gate.
  4483 | D:5      | Found a runed translucent gate.
  4487 | D:5      | Noticed qw's ghost (novice GrCA)
  4754 | D:5      | 4754 ||| Stepping ~*~*~tactically~*~*~ (stealth).
  4757 | D:5      | 4757 ||| Stepping ~*~*~tactically~*~*~ (stealth).
  4917 | D:5      | 4917 ||| INVOKING Fiery Armour.
  4956 | D:5      | 4956 ||| Stepping ~*~*~tactically~*~*~ (stealth).
  5039 | D:5      | 5039 ||| Stepping ~*~*~tactically~*~*~ (stealth).
  5385 | D:6      | 5385 ||| Stepping ~*~*~tactically~*~*~ (stealth).
  5400 | D:6      | Reached skill level 8 in Axes
  5513 | D:6      | Reached skill level 6 in Fighting
  5546 | D:6      | Reached XP level 9. HP: 54/55 MP: 10/10
  5586 | D:6      | Noticed qw's ghost (novice GrFi)
  5623 | D:6      | Found a runed translucent door.
  5682 | D:6      | 5682 ||| READING scroll of enchant weapon.
  5682 | D:6      | 5682 ||| ENCHANTING +0 hand axe of flaming.
  6121 | D:6      | 6121 ||| Stepping ~*~*~tactically~*~*~ (hiding).
  6217 | D:6      | Found an iron altar of Okawaru.
  6309 | D:6      | 6309 ||| READING scroll labelled SEXEUF JEIHEUS.
  6310 | D:6      | 6310 ||| READING scroll labelled YSADIBLAIPIJYBB.
  6310 | D:6      | Identified a scroll of acquirement
  6310 | D:6      | 6310 ||| ACQUIRING +1 pair of boots of rampaging
  6310 | D:6      | Acquired a +1 pair of boots of rampaging
  6312 | D:6      | 6312 ||| UPGRADING to +1 pair of boots of rampaging.
  6347 | D:7      | 6347 ||| INVOKING Fiery Armour.
  6375 | D:7      | Reached skill level 9 in Axes
  6575 | D:7      | Found a flagged portal.
  6781 | D:7      | Reached skill level 1 in Throwing
  6873 | D:7      | Found Corexian's Book Shop.
  6951 | D:7      | You are sucked into a shaft and drop 1 floor!
  7026 | D:7      | Found a staircase to the Ecumenical Temple.
  7063 | D:7      | 7063 ||| Stepping ~*~*~tactically~*~*~ (stealth).
  7065 | D:7      | 7065 ||| Stepping ~*~*~tactically~*~*~ (hiding).
  7097 | D:7      | Found Ifagif's Antique Armour Shop.
  7100 | D:7      | 7100 ||| SHOPLISTING runed orb (372 gold, have 304).
  7158 | D:7      | 7158 ||| SWAPPING to +0 war axe.
  7495 | D:7      | Found a sacrificial altar of Ru.
  7495 | D:7      | Found an opulent altar of Gozag.
  7495 | D:7      | Found a glowing golden altar of the Shining One.
  7499 | D:7      | Found a broken altar of Ashenzari.
  7555 | D:7      | 7555 ||| UPGRADING to +5 ring of evasion.
  7556 | D:7      | 7556 ||| READING 2 scrolls of identify.
  7556 | D:7      | 7556 ||| IDENTIFYING emerald potion
  7631 | D:8      | 7631 ||| Stepping ~*~*~tactically~*~*~ (hiding).
  7633 | D:8      | 7633 ||| Stepping ~*~*~tactically~*~*~ (hiding).
  7651 | D:8      | Noticed a two-headed ogre
  7662 | D:8      | Killed a two-headed ogre
  7809 | D:8      | Reached XP level 10. HP: 48/61 MP: 11/11
  7859 | D:8      | 7859 ||| READING scroll of enchant weapon.
  7859 | D:8      | 7859 ||| ENCHANTING +0 war axe.
  7879 | D:8      | 7879 ||| READING scroll of enchant weapon.
  7879 | D:8      | 7879 ||| ENCHANTING +1 war axe.
  7904 | D:8      | 7904 ||| DRINKING 10 potions of curing.
  7904 | D:8      | 7904 ||| (to cure confusion)
  7918 | D:8      | 7918 ||| Stepping ~*~*~tactically~*~*~ (stealth).
  7919 | D:8      | 7919 ||| Stepping ~*~*~tactically~*~*~ (stealth).
  7920 | D:8      | 7920 ||| Stepping ~*~*~tactically~*~*~ (stealth).
  8056 | D:8      | 8056 ||| Stepping ~*~*~tactically~*~*~ (hiding).
  8058 | D:8      | 8058 ||| Stepping ~*~*~tactically~*~*~ (hiding).
  8062 | D:8      | 8062 ||| Stepping ~*~*~tactically~*~*~ (hiding).
  8064 | D:8      | 8064 ||| Stepping ~*~*~tactically~*~*~ (hiding).
  8142 | D:8      | 8142 ||| Stepping ~*~*~tactically~*~*~ (stealth).
  8144 | D:8      | 8144 ||| Stepping ~*~*~tactically~*~*~ (stealth).
  8156 | D:8      | 8156 ||| INVOKING Fiery Armour.
  8215 | D:8      | 8215 ||| Stepping ~*~*~tactically~*~*~ (stealth).
  8371 | D:8      | 8371 ||| Stepping ~*~*~tactically~*~*~ (hiding).
  8372 | D:8      | 8372 ||| Stepping ~*~*~tactically~*~*~ (hiding).
  8379 | D:8      | 8379 ||| INVOKING Fiery Armour.
  8386 | D:8      | Reached skill level 10 in Axes
  8477 | D:8      | 8477 ||| Stepping ~*~*~tactically~*~*~ (stealth).
  8478 | D:8      | 8478 ||| Stepping ~*~*~tactically~*~*~ (stealth).
  8490 | D:8      | 8490 ||| INVOKING Fiery Armour.
  8522 | D:8      | Noticed a green ugly thing
  8535 | D:8      | Killed a green ugly thing
  8771 | D:8      | 8771 ||| READING scroll labelled UVIEHYIJYU.
  8772 | D:8      | 8772 ||| READING scroll labelled RUGYBA POSTRONA.
  8815 | D:8      | 8815 ||| READING 2 scrolls of identify.
  8815 | D:8      | 8815 ||| IDENTIFYING coppery potion
  8816 | D:8      | 8816 ||| DROPPING potion of flight.
  8856 | D:9      | 8856 ||| Stepping ~*~*~tactically~*~*~ (stealth).
  8857 | D:9      | 8857 ||| Stepping ~*~*~tactically~*~*~ (stealth).
  8858 | D:9      | 8858 ||| Stepping ~*~*~tactically~*~*~ (stealth).
  8883 | D:9      | 8883 ||| INVOKING Fiery Armour.
  8916 | D:9      | 8916 ||| Stepping ~*~*~tactically~*~*~ (hiding).
  8929 | D:9      | Noticed a two-headed ogre
  8930 | D:9      | 8930 ||| Stepping ~*~*~tactically~*~*~ (stealth).
  8931 | D:9      | 8931 ||| Stepping ~*~*~tactically~*~*~ (stealth).
  8940 | D:9      | Killed a two-headed ogre
  9200 | D:9      | 9200 ||| Stepping ~*~*~tactically~*~*~ (stealth).
  9206 | D:9      | 9206 ||| INVOKING Fiery Armour.
  9220 | D:9      | Reached skill level 11 in Axes
  9258 | D:9      | 9258 ||| Stepping ~*~*~tactically~*~*~ (stealth).
  9259 | D:9      | 9259 ||| Stepping ~*~*~tactically~*~*~ (stealth).
  9260 | D:9      | 9260 ||| Stepping ~*~*~tactically~*~*~ (hiding).
  9261 | D:9      | 9261 ||| Stepping ~*~*~tactically~*~*~ (hiding).
  9262 | D:9      | 9262 ||| Stepping ~*~*~tactically~*~*~ (hiding).
  9264 | D:9      | 9264 ||| Stepping ~*~*~tactically~*~*~ (hiding).
  9280 | D:9      | 9280 ||| READING scroll of enchant weapon.
  9280 | D:9      | 9280 ||| ENCHANTING +2 war axe.
  9554 | D:9      | 9554 ||| Stepping ~*~*~tactically~*~*~ (stealth).
  9555 | D:9      | 9555 ||| Stepping ~*~*~tactically~*~*~ (stealth).
  9561 | D:9      | Reached XP level 11. HP: 69/69 MP: 12/12
  9613 | D:9      | Reached skill level 9 in Fighting
  9628 | D:9      | 9628 ||| Stepping ~*~*~tactically~*~*~ (stealth).
  9939 | D:9      | Found a staircase to the Lair.
 10148 | D:9      | 10148 ||| Stepping ~*~*~tactically~*~*~ (stealth).
 10149 | D:9      | 10149 ||| Stepping ~*~*~tactically~*~*~ (stealth).
 10182 | D:9      | 10182 ||| PLANNING LAIR
 10182 | D:9      | 10182 ||| UPGRADING to +0 helmet.
 10187 | D:9      | 10187 ||| UPGRADING to +0 kite shield.
 10197 | D:9      | 10197 ||| DROPPING +0 buckler.
 10198 | D:9      | 10198 ||| UPGRADING to ring of see invisible.
 10199 | D:9      | 10199 ||| READING scroll labelled VITOCS VIDON.
 10200 | D:9      | 10200 ||| READING scroll labelled NYTEME FARO.
 10201 | D:9      | 10201 ||| READING 3 scrolls of identify.
 10201 | D:9      | 10201 ||| IDENTIFYING orange potion
 10275 | Lair:1   | Entered Level 1 of the Lair of Beasts
 10510 | Lair:1   | Reached skill level 6 in Shields
 10651 | Lair:1   | 10651 ||| INVOKING Fiery Armour.
 10715 | Lair:1   | 10715 ||| Stepping ~*~*~tactically~*~*~ (stealth).
 10954 | Lair:1   | 10954 ||| Stepping ~*~*~tactically~*~*~ (hiding).
 11304 | Lair:1   | 11304 ||| READING scroll labelled YPPUASAWNE.
 11305 | Lair:1   | 11305 ||| READING 2 scrolls of identify.
 11305 | Lair:1   | 11305 ||| IDENTIFYING fizzy ruby potion
 11306 | Lair:1   | 11306 ||| DROPPING potion of degeneration.
 11432 | Lair:2   | Noticed a skyshark
 11446 | Lair:2   | 11446 ||| INVOKING Fiery Armour.
 11448 | Lair:2   | HP: 14/71 [skyshark (5)]
 11449 | Lair:2   | 11449 ||| DRINKING 3 potions of heal wounds.
 11450 | Lair:2   | Killed a skyshark
 11451 | Lair:2   | Reached skill level 9 in Shields
 11547 | Lair:2   | Found a staircase to the Shoals.
 11611 | Lair:2   | 11611 ||| INVOKING Fiery Armour.
 11632 | Lair:2   | Reached skill level 12 in Axes
 11632 | Lair:2   | Reached XP level 12. HP: 30/76 MP: 13/13
 11632 | Lair:2   | HP: 19/76 [elephant (11)]
 11633 | Lair:2   | 11633 ||| DRINKING 2 potions of heal wounds.
 11636 | Lair:2   | Reached skill level 1 in Dodging
 11817 | Lair:2   | Reached skill level 9 in Armour
 12133 | Lair:2   | Found a hole to the Spider Nest.
 12254 | Lair:2   | Noticed a death yak
 12254 | Lair:2   | Noticed a death yak
 12255 | Lair:2   | 12255 ||| INVOKING Fiery Armour.
 12255 | Lair:2   | Noticed a death yak
 12265 | Lair:2   | Killed a death yak
 12269 | Lair:2   | Killed a death yak
 12279 | Lair:2   | Killed a death yak
 12481 | Lair:2   | 12481 ||| PLANNING OKAWARU WORSHIP
 12630 | D:6      | Fell from the grace of Ignis
 12630 | D:6      | Became a worshipper of Warmaster Okawaru
 12631 | D:6      | 12631 ||| PLANNING LAIR
 12780 | Lair:3   | 12780 ||| READING scroll of enchant armour.
 12780 | Lair:3   | 12780 ||| ENCHANTING +0 pair of gloves.
 13040 | Lair:3   | 13040 ||| Stepping ~*~*~tactically~*~*~ (stealth).
 13061 | Lair:3   | Reached * piety under Okawaru
 13072 | Lair:3   | Reached skill level 1 in Invocations
 13282 | Lair:3   | 13282 ||| INVOKING Heroism.
 13341 | Lair:3   | Noticed a boulder beetle
 13342 | Lair:3   | 13342 ||| INVOKING Heroism.
 13362 | Lair:3   | 13362 ||| INVOKING Heroism.
 13363 | Lair:3   | Killed a boulder beetle
 13666 | Lair:3   | 13666 ||| UPGRADING to amulet of the acrobat.
 13671 | Lair:3   | 13671 ||| READING 5 scrolls of identify.
 13671 | Lair:3   | 13671 ||| IDENTIFYING murky brown potion
 13672 | Lair:3   | 13672 ||| DROPPING potion of ambrosia.
 13682 | Lair:4   | 13682 ||| INVOKING Heroism.
 13773 | Lair:4   | Noticed a five-headed hydra
 13775 | Lair:4   | 13775 ||| INVOKING Heroism.
 13777 | Lair:4   | 13777 ||| SWAPPING to +1 hand axe of flaming.
 13787 | Lair:4   | Killed a one-headed hydra
 13788 | Lair:4   | Reached skill level 3 in Invocations
 13788 | Lair:4   | 13788 ||| SWAPPING to +3 war axe of protection.
 13951 | Lair:4   | 13951 ||| Stepping ~*~*~tactically~*~*~ (hiding).
 13960 | Lair:4   | Reached skill level 13 in Axes
 14116 | Lair:4   | Found a staircase to the Slime Pits.
 14116 | Lair:4   | Found a viscous altar of Jiyva.
 14175 | Lair:4   | 14175 ||| Stepping ~*~*~tactically~*~*~ (stealth).
 14188 | Lair:4   | Reached ** piety under Okawaru
 14196 | Lair:4   | Reached XP level 13. HP: 75/82 MP: 16/16
 14257 | Lair:4   | 14257 ||| INVOKING Heroism.
 14292 | Lair:4   | 14292 ||| INVOKING Heroism.
 14320 | Lair:4   | 14320 ||| INVOKING Heroism.
 14501 | Lair:4   | You are sucked into a shaft and drop 1 floor!
 14501 | Lair:5   | Entered Level 5 of the Lair of Beasts
 14502 | Lair:5   | 14502 ||| INVOKING Heroism.
 14575 | Lair:5   | 14575 ||| READING scroll labelled YPSAOSK BOMU.
 14578 | Lair:5   | 14578 ||| INVOKING Heroism.
 14605 | Lair:5   | 14605 ||| INVOKING Heroism.
 14608 | Lair:5   | HP: 17/82 [death yak (9)]
 14609 | Lair:5   | 14609 ||| DRINKING 3 potions of heal wounds.
 14615 | Lair:5   | Reached skill level 14 in Axes
 14622 | Lair:5   | HP: 13/82 [death yak (11)]
 14623 | Lair:5   | 14623 ||| DRINKING 2 potions of heal wounds.
 14624 | Lair:5   | 14624 ||| DRINKING potion of heal wounds.
 14626 | Lair:5   | Reached *** piety under Okawaru
 14632 | Lair:5   | 14632 ||| INVOKING Heroism.
 14639 | Lair:5   | HP: 18/82 [rock wall collision (7)]
 14664 | Lair:5   | 14664 ||| INVOKING Heroism.
 14668 | Lair:5   | HP: 18/83 [fire elemental[the fiery vengeance of Ignis]
                  | (8)]
 14673 | Lair:5   | HP: 14/83 [fire elemental[the fiery vengeance of Ignis]
                  | (6)]
 14691 | Lair:5   | 14691 ||| INVOKING Heroism.
 14721 | Lair:5   | 14721 ||| INVOKING Heroism.
 14773 | Lair:5   | 14773 ||| Stepping ~*~*~tactically~*~*~ (stealth).
 14774 | Lair:5   | 14774 ||| Stepping ~*~*~tactically~*~*~ (stealth).
 14820 | Lair:5   | 14820 ||| Stepping ~*~*~tactically~*~*~ (stealth).
 14823 | Lair:5   | 14823 ||| Stepping ~*~*~tactically~*~*~ (stealth).
 14824 | Lair:5   | 14824 ||| Stepping ~*~*~tactically~*~*~ (stealth).
 14830 | Lair:5   | 14830 ||| Stepping ~*~*~tactically~*~*~ (stealth).
 14831 | Lair:5   | 14831 ||| INVOKING Heroism.
 15072 | Lair:4   | You are sucked into a shaft and drop 1 floor!
 15085 | Lair:5   | 15085 ||| INVOKING Heroism.
 15152 | Lair:4   | You are sucked into a shaft and drop 1 floor!
 15300 | Lair:5   | 15300 ||| INVOKING Heroism.
 15339 | Lair:5   | Was forgiven by Ignis
 15346 | Lair:5   | 15346 ||| INVOKING Heroism.
 15367 | Lair:5   | Reached skill level 12 in Shields
 15379 | Lair:5   | 15379 ||| INVOKING Heroism.
 15407 | Lair:5   | 15407 ||| Stepping ~*~*~tactically~*~*~ (stealth).
 15408 | Lair:5   | 15408 ||| Stepping ~*~*~tactically~*~*~ (stealth).
 15419 | Lair:5   | 15419 ||| Stepping ~*~*~tactically~*~*~ (stealth).
 15426 | Lair:5   | 15426 ||| Stepping ~*~*~tactically~*~*~ (stealth).
 15427 | Lair:5   | 15427 ||| Stepping ~*~*~tactically~*~*~ (stealth).
 15436 | Lair:5   | 15436 ||| INVOKING Heroism.
 15489 | Lair:5   | 15489 ||| Stepping ~*~*~tactically~*~*~ (stealth).
 15490 | Lair:5   | 15490 ||| INVOKING Heroism.
 15532 | Lair:5   | 15532 ||| Stepping ~*~*~tactically~*~*~ (stealth).
 15538 | Lair:5   | 15538 ||| INVOKING Heroism.
 15571 | Lair:5   | 15571 ||| INVOKING Heroism.
 15662 | Lair:5   | 15662 ||| READING scroll labelled ZOP TIOFATIS.
 15942 | Lair:5   | 15942 ||| Stepping ~*~*~tactically~*~*~ (stealth).
 15943 | Lair:5   | 15943 ||| Stepping ~*~*~tactically~*~*~ (stealth).
 15968 | Lair:5   | 15968 ||| Stepping ~*~*~tactically~*~*~ (hiding).
 16019 | Lair:5   | 16019 ||| INVOKING Heroism.
 16065 | Lair:5   | 16065 ||| INVOKING Heroism.
 16088 | Lair:5   | 16088 ||| INVOKING Heroism.
 16293 | Lair:5   | 16293 ||| DROPPING +6 heavy war axe.
 16781 | Lair:5   | 16781 ||| PLANNING D:1-11
 16781 | Lair:5   | 16781 ||| DROPPING +0 hat of stealth.
 16782 | Lair:5   | 16782 ||| READING 7 scrolls of identify.
 16782 | Lair:5   | 16782 ||| IDENTIFYING bubbling yellow potion
 16910 | D:10     | Entered Level 10 of the Dungeon
 17002 | D:10     | 17002 ||| READING scroll of brand weapon.
 17002 | D:10     | 17002 ||| BRANDING +3 war axe of protection.
 17027 | D:10     | Mutation became permanent: Your large and strong wings let
                  | you fly. [Gargoyle growth]
 17027 | D:10     | Gained mutation: Your large and strong wings let you fly.
                  | [Gargoyle growth]
 17027 | D:10     | Reached XP level 14. HP: 87/90 MP: 17/17
 17121 | D:10     | Reached skill level 15 in Axes
 17166 | D:10     | Found a runed translucent gate.
 17166 | D:10     | Found a runed translucent gate.
 17166 | D:10     | Found a runed translucent gate.
 17166 | D:10     | Identified the +1 plate armour of Vebloh {Will+ MP+9}
 17167 | D:10     | Noticed qw's ghost (journeyman GrCA)
 17376 | D:10     | 17376 ||| Stepping ~*~*~tactically~*~*~ (stealth).
 17577 | D:10     | 17577 ||| DROPPING +1 pair of gloves.
 17728 | D:11     | 17728 ||| Stepping ~*~*~tactically~*~*~ (hiding).
 17860 | D:11     | 17860 ||| Stepping ~*~*~tactically~*~*~ (stealth).
 17862 | D:11     | 17862 ||| Stepping ~*~*~tactically~*~*~ (hiding).
 17863 | D:11     | 17863 ||| Stepping ~*~*~tactically~*~*~ (hiding).
 17984 | D:11     | 17984 ||| INVOKING Heroism.
 18255 | D:11     | 18255 ||| SWAPPING to +0 broad axe.
 18315 | D:11     | 18315 ||| DROPPING +3 heavy war axe.
 18336 | D:11     | Found a sacrificial altar of Ru.
 18515 | D:11     | 18515 ||| PLANNING D
 18556 | D:12     | 18556 ||| PLANNING GAUNTLET
 18578 | D:12     | 18578 ||| Stepping ~*~*~tactically~*~*~ (hiding).
 18634 | D:12     | Found a staircase to the Orcish Mines.
 18637 | D:12     | Identified the +5 dagger of the Onslaught {flame, rN+ rCorr
                  | Int+2 Stlth-}
 18641 | D:12     | 18641 ||| INVOKING Heroism.
 18648 | D:12     | Noticed Rupert
 18669 | D:12     | HP: 21/90 [Rupert/+2 great mace of holy wrath (11)]
 18670 | D:12     | 18670 ||| READING scroll of teleportation.
 18671 | D:12     | 18671 ||| DRINKING 5 potions of heal wounds.
 18672 | D:12     | 18672 ||| INVOKING Heroism.
 18871 | D:12     | 18871 ||| Stepping ~*~*~tactically~*~*~ (stealth).
 18875 | D:12     | 18875 ||| Stepping ~*~*~tactically~*~*~ (stealth).
 18911 | D:12     | 18911 ||| Stepping ~*~*~tactically~*~*~ (stealth).
 18913 | D:12     | 18913 ||| Stepping ~*~*~tactically~*~*~ (stealth).
 18914 | D:12     | 18914 ||| Stepping ~*~*~tactically~*~*~ (stealth).
 18916 | D:12     | 18916 ||| Stepping ~*~*~tactically~*~*~ (hiding).
 18920 | D:12     | 18920 ||| INVOKING Heroism.
 19027 | D:12     | 19027 ||| RIP GAUNTLET
 19052 | D:12     | 19052 ||| PLANNING D
 19061 | D:12     | Reached skill level 12 in Fighting
 19064 | D:12     | Noticed Urug
 19065 | D:12     | 19065 ||| INVOKING Heroism.
 19082 | D:12     | Killed Urug
 19429 | D:12     | 19429 ||| Stepping ~*~*~tactically~*~*~ (hiding).
 19480 | D:12     | 19480 ||| Stepping ~*~*~tactically~*~*~ (stealth).
 19511 | D:12     | 19511 ||| INVOKING Heroism.
 19531 | D:12     | 19531 ||| INVOKING Heroism.
 19531 | D:12     | HP: 21/92 [Rupert/+2 great mace of holy wrath (23)]
 19532 | D:12     | 19532 ||| READING scroll of teleportation.
 19532 | D:12     | HP: 1/92 [Rupert/+2 great mace of holy wrath (20)]
 19533 | D:12     | 19533 ||| DRINKING 4 potions of heal wounds.
 19533 | D:12     | Mangled by Rupert

Levels and vault maps discovered:
D:1:      tarquinn_simple_flora_water_d, layout_basic, minmay_quantized
D:2:      layout_basic, serial_shops, shop, uniq_natasha
D:3:      cheibrodos_helix_gallery, layout_basic, tgw_kikubaaqudgha, hex_large
D:4:      minmay_angry_zag, layout_rooms, nicolae_ossuary_entry_ruins,
          portal_sewer_entry_a, minmay_ruined_shrine
D:5:      layout_basic, ebering_ghost_rock_garden, st_stairs_14,
          minmay_misc_feat_tiny, eino_small_chamber_without_monster,
          kennysheep_nub
D:6:      layout_basic, kennysheep_okawaru_gauntlet,
          hellmonk_ghost_happy_afterlife, serial_glass, glass_columns_a,
          glass_columns_a, glass_columns_b, glass_columns_b
D:7:      layout_basic, grunt_temple_overflow_open,
          minmay_temple_entry_junction_2, enter_bailey_4, serial_shops,
          nicolae_shop_tiny_statue_garden, nicolae_shop_tiny_real_fake_doors
D:8:      wad_lake_hut, layout_rooms
D:9:      layout_cave_pools, david_lair_shrubbed, serial_gnoll_camp,
          gnoll_camp_mini_hut, gnoll_camp_huts_moat, gnoll_camp_mini_hut,
          gnoll_camp_mini_hut, minivault_26
D:10:     layout_basic, biasface_ghost_orc_armoury
D:11:     layout_loops_ring, nicolae_ru_the_path_less_chosen
D:12:     layout_basic, erik_orc_4, gauntlet_entry_generic,
          nemelex_lonely_heart_becter, uniq_urug, uniq_rupert
Lair:1:   layout_gridlike, serial_bayou_shore_a, grunt_megastairs_2,
          serial_bayou_shore_b, infiniplex_staircase_pool_2
Lair:2:   layout_regular_city, shoals_dummy_entry, dummy_spider_entry
Lair:3:   layout_small_grid, lemuel_fruit_tree
Lair:4:   layout_regular_city, slime_entry_1, beast_lair_carwin_11
Lair:5:   gammafunk_lair_ancient_temple, layout_regular_city

Skill      XL: |  1  2  3  4  5  6  7  8  9 10 11 12 13 14 |
---------------+-------------------------------------------+-----
Axes           | 3 4 5 7 8 9 11 12 13 14 15 | 15.1
Armour         | 1 3 4 7 8 9 10 11 | 11.0
Shields        | 1 2 3 4 5 10 11 12 | 12.0
Fighting       | 4 6 8 9 10 11 12 | 12.0
Throwing       | 1 2 |  2.7
Dodging        | 1 |  1.0
Invocations    | 4 |  4.0
Spellcasting   | |  1.0
Fire Magic     | |  3.0

Action                     |  1- 3 |  4- 6 |  7- 9 | 10-12 | 13-15 || total
---------------------------+-------+-------+-------+-------+-------++-------
  Melee: Hand axe          |   124 |   293 |   450 |    10 |       ||   877
         Punch             |       |     2 |       |       |       ||     2
         War axe           |       |       |    23 |   581 |   401 ||  1005
         Broad axe         |       |       |       |       |   150 ||   150
  Throw: Boomerang         |       |       |    28 |   232 |   145 ||   405
         Javelin           |       |       |       |       |    12 ||    12
 Invoke: Fiery Armour      |       |       |     4 |     9 |       ||    13
         Heroism           |       |       |       |     5 |    29 ||    34
    Use: Scroll            |     5 |     5 |     4 |    13 |     6 ||    33
         Potion            |     3 |     1 |     1 |     3 |     5 ||    13
 Armour: Robe              |    44 |    19 |       |       |       ||    63
         Leather armour    |       |    37 |       |       |       ||    37
         Plate armour      |       |    79 |   326 |   414 |   294 ||  1113
  Dodge: Dodged            |    73 |   106 |   127 |   369 |   257 ||   932
  Block: Buckler           |       |    11 |    59 |    38 |       ||   108
         Kite shield       |       |       |       |   143 |   299 ||   442

Table legend:
 A = Non-vault XP
 B = Vault XP
 C = Vault XP percentage of total XP
 D = Non-vault monster count
 E = Vault monster count
 F = Vault count percentage of total count
                 A         B        C        D         E       F
            +---------+---------+-------+---------+---------+-------
      Total |   55628 |   12159 |  17.9 |     400 |     142 |  26.2
            +---------+---------+-------+---------+---------+-------
        D:1 |      37 |       9 |  19.6 |      21 |       6 |  22.2
        D:2 |     112 |      35 |  23.8 |      22 |       1 |   4.3
        D:3 |      59 |       3 |   4.8 |      26 |       2 |   7.1
        D:4 |     393 |     187 |  32.2 |      25 |      16 |  39.0
        D:5 |     953 |       2 |   0.2 |      18 |       1 |   5.3
        D:6 |     853 |       4 |   0.5 |      12 |       2 |  14.3
        D:7 |     711 |      12 |   1.7 |      24 |       5 |  17.2
        D:8 |    3317 |       0 |   0.0 |      48 |       0 |   0.0
        D:9 |    2075 |     963 |  31.7 |      30 |      28 |  48.3
       D:10 |    2823 |       0 |   0.0 |      25 |       0 |   0.0
       D:11 |    2358 |       0 |   0.0 |      11 |       0 |   0.0
       D:12 |    7697 |    1295 |  14.4 |      29 |      16 |  35.6
     Lair:1 |    3316 |     352 |   9.6 |      12 |       2 |  14.3
     Lair:2 |   10326 |       0 |   0.0 |      29 |       0 |   0.0
     Lair:3 |    4815 |       0 |   0.0 |      12 |       0 |   0.0
     Lair:4 |    4842 |    1339 |  21.7 |      17 |       3 |  15.0
     Lair:5 |   10941 |    7713 |  41.3 |      39 |      21 |  35.0
    Ossuary |       0 |     245 | 100.0 |       0 |      39 | 100.0
            +---------+---------+-------+---------+---------+-------
